 Dungeon Crawl Stone Soup version 0.28-a0-1613-gdaab1c2f9b (webtiles) character file.

Game seed: 17641941642684253923

37445 kae the Grappler (level 13, -11/128 (134) HPs)
             Began as a Purple Draconian Transmuter on Jan 21, 2022.
             Was the Champion of Ru.
             Mangled by a tyrant leech (19 damage)
             ... on level 4 of the Lair of Beasts.
             The game lasted 00:22:42 (21836 turns).

kae the Grappler (Purple Draconian Transmuter)     Turns: 21836, Time: 00:22:42

HP:   -11/128 (134) AC:  9    Str: 15    XL:     13   Next: 58%
MP:   26/26         EV: 16    Int: 17    God:    Ru [******]
Gold: 1185          SH:  0    Dex: 11    Spells: 23/31 levels left

rFire   x . .      SeeInvis .     - Unarmed
rCold   + + +      Faith    .   (shield currently unavailable)
rNeg    + . .      Spirit   .   (armour unavailable)
rPois   +          Reflect  .   (helmet currently unavailable)
rElec   .          Harm     .   (cloak currently unavailable)
rCorr   .          Rampage  .   (gloves currently unavailable)
Will    +....                   (boots currently unavailable)
Stlth   +.........              s - amulet of regeneration
HPRegen 1.11/turn               u - +4 ring of evasion
MPRegen 0.20/turn               t - ring of positive energy

@: exhausted, ice-form, unable to drink, studying Crossbows, lightly drained,
unable to read
A: freezing attack, amphibious, boosted hp, (breathe power), AC +8, large,
unfitting armour, (cold-blooded), inability to drink while threatened, inability
to read while threatened, inability to use devices, no fire magic, no hexes
magic, no necromancy magic
a: End Transformation, Renounce Religion, Draw Out Power, Power Leap, Apocalypse


You were on level 4 of the Lair of Beasts.
You worshipped Ru.
Ru was exalted by your worship.
You were a creature of crystalline ice.
You visited 3 branches of the dungeon, and saw 16 of its levels.
You also visited: Sewer.

You collected 1185 gold pieces.

Inventory:

Missiles
 q - 5 throwing nets
Armour
 m - a +1 pair of boots of flying (melded)
Jewellery
 k - a ring of fire
 s - an amulet of regeneration (around neck)
 t - a ring of positive energy (right front paw)
 u - a +4 ring of evasion (left front paw)
 v - a ring of positive energy
 y - a ring of see invisible
 C - an amulet of guardian spirit
 D - an amulet of the acrobat
 E - a ring of resist corrosion
 G - a ring of poison resistance
Scrolls
 d - 3 scrolls of amnesia
 f - 11 scrolls of teleportation
 i - 4 scrolls of blinking
 n - a scroll of enchant weapon
 A - a scroll of magic mapping
 B - 2 scrolls of enchant armour
Potions
 a - 2 potions of mutation
 b - 7 potions of ambrosia
 c - a potion of brilliance
 g - 2 potions of invisibility
 j - 5 potions of lignification {unknown}
 o - a potion of heal wounds
 p - 11 potions of curing
 r - a potion of berserk rage
 x - 3 potions of cancellation


   Skills:
 + Level 9.6 Fighting
 + Level 8.5 Dodging
 * Level 12.8 Unarmed Combat
 + Level 9.9 Spellcasting
 * Level 12.6 Transmutations
 - Level 5.0 Ice Magic
 - Level 2.0 Poison Magic


You had 23 spell levels left.
You knew the following spells:

 Your Spells              Type           Power      Damage    Failure   Level
a - Beastly Appendage     Tmut           100%       N/A       1%          1
b - Spider Form           Tmut/Pois      33%        N/A       1%          3
c - Ice Form              Ice/Tmut       38%        N/A       2%          4

Your spell library contained the following spells:

 Spells                   Type           Power      Damage    Failure   Level
 Wereblood                Tmut           50%        N/A       1%          2
 Ozocubu's Armour         Ice            25%        N/A       3%          3
 Poisonous Vapours        Pois/Air       22%        N/A       9%          2
 Gell's Gravitas          Tloc           8%         N/A       26%         3
 Lesser Beckoning         Tloc           8%         N/A       26%         3
 Swiftness                Air            8%         N/A       26%         3
 Teleport Other           Tloc           8%         N/A       26%         3
 Hailstorm                Conj/Ice       16%        3d6       30%         4
 Summon Ice Beast         Ice/Summ       16%        N/A       30%         4
 Eringya's Noxious Bog    Tmut/Pois      16%        N/A       54%         6
 Conjure Ball Lightning   Conj/Air       4%         3x3d6     100%        6
 Disjunction              Tloc           4%         N/A       100%        8
 Maxwell's Capacitive Co  Air            4%         ∞         100%        8
 Corpse Rot               Necr/Air       Unusable   N/A       N/A         2
 Animate Dead             Necr           Unusable   N/A       N/A         4
 Metabolic Englaciation   Hex/Ice        Unusable   N/A       N/A         5
 Simulacrum               Ice/Necr       Unusable   N/A       N/A         6
 Death Channel            Necr           Unusable   N/A       N/A         6
 Haunt                    Necr/Summ      Unusable   N/A       N/A         7
 Discord                  Hex            Unusable   N/A       N/A         8
 Infestation              Necr           Unusable   N/A       N/A         8

Dungeon Overview and Level Annotations

Branches:
Dungeon (11/15)            Temple (1/1) D:5            Lair (4/6) D:10
  Snake (0/4) Lair:3          Orc (0/2) D:11          Sewer (visited)
  Swamp: Lair:2-4    Shoals: Lair:2-4

Altars:
Ashenzari
Cheibriados
Dithmenos
Elyvilon
Fedhas
Gozag
Hepliaklqana
Kikubaaqudgha
Makhleb
Nemelex Xobeh
Okawaru
Qazlal
Ru
Sif Muna
Trog
Uskayaw
Vehumet
Wu Jian
Xom
Yredelemnul
Zin
The Shining One

Shops:
D:7 =

Annotations:
Lair:2 2 transporters, wilfster70's ghost, journeyman DjSu


Innate Abilities, Weirdness & Mutations

You are a creature of crystalline ice.
You have a powerful freezing melee attack.
You are amphibious.
Your maximum health is increased.
Your armour is entirely melded.
You are incapable of wielding weapons or throwing items.
((You can breathe bolts of dispelling energy.))
((Your rich purple scales are hard. (AC +8)))
You cannot fit into any form of body armour.
((You are cold-blooded and may be slowed by cold attacks.))
You sometimes lose the ability to drink potions when taking damage.
You sometimes lose the ability to read scrolls when taking damage.
You cannot study or use magical devices.
You cannot study or cast Fire magic.
You cannot study or cast Hexes magic.
You cannot study or cast Necromancy magic.


Message History

The harpoon shot misses you.
The swamp worm fires a harpoon shot at you.
The harpoon shot hits you.
* * * LOW HITPOINT WARNING * * *
You are yanked forward by the harpoon shot.
The swamp worm bites you!!
* * * LOW HITPOINT WARNING * * *
You are restored by drawing out deep reserves of power within.
You feel drained. The swamp worm barely misses you. The swamp worm bites you!
* * * LOW HITPOINT WARNING * * *
You cannot read scrolls in your current state!
You cannot drink potions in your current state!
You completely miss the swamp worm.
The swamp worm is heavily wounded.
The swamp worm bites you!
* * * LOW HITPOINT WARNING * * *
The swamp worm is stunned by your conviction and fails to attack.
You hit the swamp worm. You freeze the swamp worm.
The swamp worm is severely wounded.
The swamp worm is stunned by your conviction and fails to attack.
The swamp worm misses you.
You punch the swamp worm! You freeze the swamp worm.
The swamp worm is almost dead.
The swamp worm is stunned by your conviction and fails to attack.
The swamp worm bites you!
* * * LOW HITPOINT WARNING * * *
You barely miss the swamp worm.
The swamp worm is almost dead.
The swamp worm bites you!
* * * LOW HITPOINT WARNING * * *
The swamp worm closely misses you.
You hit the swamp worm. You freeze the swamp worm.
You kill the swamp worm!
The swamp worm bites you but does no damage.
You hit the swamp worm. You freeze the swamp worm.
The swamp worm is moderately wounded.
You pummel the swamp worm!! You freeze the swamp worm!
You kill the swamp worm!
The tyrant leech bites you!!
You die...

.......#............# #..##
#...................#####.##
.....................#.#...#
##...................#...###
##...♣.♣...♣...........P#
#♣♣♣♣♣♣♣.♣♣♣♣♣.......###
♣♣♣≈≈≈♣......##
♣≈≈≈≈♣.......# §
♣≈≈≈≈♣Y.....##
♣w♣≈≈≈≈♣w.....##
♣.§≈≈≈≈♣.....#.#
♣.§w≈≈≈♣./...###
♣♣..≈≈w.†..#.# ♣♣.♣≈.....###
♣ ♣♣.♣....P# ♣♣♣♣ ♣♣♣##....#
#♣..♣ ##...#


You could see a tyrant leech.

Vanquished Creatures
  Harold (D:8)
  3 hydras
  A radroach (D:11)
  2 boulder beetles
  Erica (D:8)
  4 two-headed ogres
  10 death yaks
  A swamp dragon (Lair:2)
  A moth of wrath (Lair:1)
  6 elephants
  3 black mambas
  10 cane toads
  2 unseen horrors (D:11)
  2 rime drakes (Lair:3)
  2 komodo dragons
  A troll (D:10)
  A queen bee (Lair:3)
  2 hornets
  Prince Ribbit (D:5)
  A polar bear (Lair:1)
  3 meliai (Lair:3)
  4 dream sheep (Lair:1)
  2 blink frogs (Lair:3)
  A shadow (D:9)
  6 wyverns
  2 wraiths
  6 basilisks
  25 yaks
  2 vampire mosquitoes (Lair:2)
  2 swamp worms (Lair:4)
  6 water moccasins
  A black bear (D:11)
  3 orc warriors
  3 swamp drakes (Lair:2)
  An ice beast (D:7)
  A sky beast (D:6)
  An ogre (D:5)
  2 necrophages
  11 wolves
  3 centaurs
  A phantom (D:5)
  A gnoll sergeant (D:10)
  10 bullfrogs
  A scorpion (D:5)
  A water moccasin skeleton (D:4)
  30 killer bees
  5 wights (D:7)
  7 howler monkeys
  14 electric eels
  3 centaur zombies
  2 bullfrog zombies (D:6)
  5 jellies
  2 centaur skeletons
  6 hounds
  7 orc priests
  5 orc wizards
  3 iguanas
  2 killer bee zombies (D:8)
  A hound skeleton (D:4)
  Robin (D:4)
  11 adders
  9 gnolls
  A shadow imp (D:6)
  2 white imps
  2 adder skeletons (D:4)
  2 worms
  2 dart slugs
  30 orcs
  3 bats
  6 endoplasms
  19 giant cockroaches
  8 goblins
  9 hobgoblins
  9 jackals
  5 kobolds
  10 quokkas
  12 ball pythons
  14 frilled lizards
  3 rats
404 creatures vanquished.

Vanquished Creatures (others)
  An elephant (Lair:4)
  A bush (Lair:1)
  12 fungi
  70 plants
84 creatures vanquished.

Grand Total: 488 creatures vanquished

Notes
Turn   | Place    | Note
-------+----------+-------------------------------------------
     0 | D:1      | kae the Draconian Transmuter began the quest for the Orb.
     0 | D:1      | Reached XP level 1. HP: 16/16 MP: 3/3
    89 | D:1      | Got the Tome of the Shifting Snowflakes
   372 | D:1      | Reached XP level 2. HP: 23/23 MP: 3/5
   525 | D:1      | Found a faded altar of an unknown god.
  1281 | D:1      | Reached XP level 3. HP: 28/28 MP: 4/6
  1285 | D:1      | Learned a level 3 spell: Spider Form
  2605 | D:3      | Reached XP level 4. HP: 36/36 MP: 7/7
  2614 | D:3      | Reached skill level 1 in Poison Magic
  3169 | D:3      | Reached XP level 5. HP: 41/41 MP: 8/8
  3591 | D:4      | Noticed a necrophage
  3603 | D:4      | Killed a necrophage
  4035 | D:4      | Reached XP level 6. HP: 50/50 MP: 7/9
  4047 | D:4      | Learned a level 4 spell: Ice Form
  4132 | D:4      | Noticed Robin
  4144 | D:4      | Killed Robin
  4352 | D:5      | Entered Level 5 of the Dungeon
  4365 | D:5      | Found a glowing drain.
  4388 | Sewer    | Entered a sewer
  4847 | Sewer    | Reached skill level 1 in Ice Magic
  4935 | Sewer    | Your scales start taking on a rich purple colour.
  4935 | Sewer    | Reached XP level 7. HP: 53/56 MP: 9/12
  4982 | Sewer    | Identified a scroll of acquirement
  4982 | Sewer    | Acquired a +0 pair of boots of flying
  5379 | D:5      | Found a staircase to the Ecumenical Temple.
  5413 | D:5      | Reached skill level 5 in Unarmed Combat
  5438 | Temple   | Entered the Ecumenical Temple
  6876 | D:5      | Got the Disquisition on Lethal Air
  6886 | D:5      | Noticed Prince Ribbit
  6899 | D:5      | Killed Prince Ribbit
  6900 | D:5      | Reached skill level 5 in Transmutations
  6900 | D:5      | Reached XP level 8. HP: 26/63 MP: 9/14
  7500 | D:6      | Noticed a two-headed ogre
  8251 | D:6      | Reached XP level 9. HP: 21/71 MP: 13/16
  8573 | D:6      | Killed a two-headed ogre
  8574 | D:6      | Reached skill level 5 in Spellcasting
  8574 | D:6      | Reached skill level 5 in Ice Magic
  8766 | D:6      | Found an ancient bone altar of Kikubaaqudgha.
  9953 | D:7      | Found Olasen's Jewellery Shop.
  9962 | D:7      | Reached skill level 5 in Fighting
 10374 | D:7      | Found a snail-covered altar of Cheibriados.
 10400 | D:7      | Reached skill level 5 in Dodging
 10429 | D:7      | Found a sacrificial altar of Ru.
 10627 | D:7      | Became a worshipper of Ru the Awakened
 10892 | D:8      | Found an opulent altar of Gozag.
 10924 | D:8      | Reached XP level 10. HP: 81/81 MP: 14/18
 11443 | D:8      | Noticed Harold
 11454 | D:8      | Killed Harold
 11655 | D:8      | Noticed Erica
 12210 | D:9      | Noticed a boulder beetle
 12819 | D:8      | Killed Erica
 13207 | D:9      | Gained mutation: You cannot study or cast Fire magic. [Ru
                  | sacrifice]
 13207 | D:9      | Gained mutation: You cannot study or cast Hexes magic. [Ru
                  | sacrifice]
 13207 | D:9      | Gained mutation: You cannot study or cast Necromancy magic.
                  | [Ru sacrifice]
 13207 | D:9      | Reached * piety under Ru
 13226 | D:9      | Killed a boulder beetle
 13668 | D:9      | Reached XP level 11. HP: 79/91 MP: 17/21
 14196 | D:10     | Entered Level 10 of the Dungeon
 14267 | D:10     | Noticed a two-headed ogre
 14268 | D:10     | Noticed a two-headed ogre
 14271 | D:10     | Killed a two-headed ogre
 14279 | D:10     | Killed a two-headed ogre
 15015 | D:10     | Found a staircase to the Lair.
 15376 | D:10     | Identified the +8 scimitar of the Pure Youths {drain, rN+
                  | Will+ Dex+3}
 15434 | D:10     | Acquired an amulet of regeneration
 15719 | D:11     | Noticed a boulder beetle
 15730 | D:11     | Noticed a two-headed ogre
 15782 | D:11     | HP: 1/110 [two-headed ogre (11)]
 15784 | D:11     | Killed a two-headed ogre
 16189 | D:11     | Found a staircase to the Orcish Mines.
 16247 | D:11     | Noticed Sonja
 16253 | D:11     | Noticed Sonja
 16253 | D:11     | Sonja changed into Sonja the black bear
 16257 | D:11     | Killed Sonja the black bear
 16320 | D:11     | Reached skill level 10 in Unarmed Combat
 16597 | D:11     | Gained mutation: You sometimes lose the ability to read
                  | scrolls when taking damage. [Ru sacrifice]
 16597 | D:11     | Reached ** piety under Ru
 16835 | D:11     | Noticed a radroach
 16835 | D:11     | a boulder beetle changed into a radroach
 16847 | D:11     | HP: 4/110 [radroach (20)]
 16848 | D:11     | Killed a radroach
 17037 | Lair:1   | Entered Level 1 of the Lair of Beasts
 17037 | Lair:1   | Noticed a seven-headed hydra
 17052 | D:10     | Killed a seven-headed hydra
 17053 | D:10     | Reached skill level 10 in Transmutations
 17059 | D:10     | HP: 4/110 [cane toad (14)]
 17262 | Lair:1   | You fall into a shaft and drop 1 floor!
 17262 | Lair:2   | Noticed a swamp dragon
 17313 | Lair:2   | Reached XP level 12. HP: 101/101 MP: 19/24
 17390 | Lair:2   | Found a transporter.
 17777 | Lair:1   | Noticed a death yak
 17777 | Lair:1   | Noticed a death yak
 17777 | Lair:1   | Noticed a death yak
 17777 | Lair:1   | Noticed a death yak
 17900 | Lair:1   | Noticed a death yak
 17900 | Lair:1   | Noticed a death yak
 17900 | Lair:1   | Noticed a death yak
 17933 | Lair:1   | Noticed a death yak
 17934 | Lair:1   | Noticed a death yak
 18202 | Lair:1   | Killed a death yak
 18215 | Lair:1   | Killed a death yak
 18233 | Lair:1   | Killed a death yak
 18309 | Lair:1   | Killed a death yak
 18315 | Lair:1   | Killed a death yak
 18324 | Lair:1   | Killed a death yak
 18414 | Lair:1   | Killed a death yak
 18419 | Lair:1   | Killed a death yak
 18431 | Lair:1   | Killed a death yak
 18984 | Lair:2   | Noticed wilfster70's ghost (journeyman DjSu)
 19001 | Lair:2   | Noticed a four-headed hydra
 19095 | Lair:2   | Found a transporter.
 19246 | Lair:2   | Gained mutation: You sometimes lose the ability to drink
                  | potions when taking damage. [Ru sacrifice]
 19246 | Lair:2   | Reached *** piety under Ru
 19246 | Lair:2   | Reached **** piety under Ru
 19727 | Lair:3   | Found a staircase to the Snake Pit.
 19844 | Lair:3   | Reached XP level 13. HP: 111/111 MP: 26/26
 21397 | Lair:4   | Gained mutation: You cannot study or use magical devices.
                  | [Ru sacrifice]
 21397 | Lair:4   | Reached ***** piety under Ru
 21397 | Lair:4   | Reached ****** piety under Ru
 21833 | Lair:4   | HP: 6/127 [swamp worm (15)]
 21836 | Lair:4   | Mangled by a tyrant leech

Illustrated notes

Levels and vault maps discovered:
D:1:      evilmike_arrival_hilbert_curve, layout_loops_corners,
          shapermc_ecumenical_altar_starsandcircs
D:2:      layout_basic, minmay_pentomino_r2
D:3:      layout_loops_ring
D:4:      layout_loops_ring, uniq_robin
D:5:      layout_basic, minmay_temple_entry_slanted,
          cheibrodos_sewer_entry_drain, minmay_misc_feat_nine_boxes,
          st_stairs_7, chequers_serial_rivers_room_b, uniq_prince_ribbit1
D:6:      cheibrodos_fzero, layout_rooms, lemuel_crystal_altar
D:7:      layout_rooms, mainiacjoe_overflow_two_lobes, serial_shops,
          nicolae_shop_window_shopping, kennysheep_path_1
D:8:      layout_rooms, grunt_gozag_breadcrumbs, minmay_door_square, uniq_erica,
          uniq_harold
D:9:      layout_cave_pools, minmay_microvault
D:10:     minmay_weird_star, layout_basic
D:11:     layout_basic, orc_0_dummy, uniq_sonja
Temple:   hc_temple_tempest_star
Lair:1:   layout_regular_city, nicolae_lair_grazing_beasts
          [nicolae_sub_lair_graze_edge, nicolae_sub_lair_graze_edge,
          nicolae_sub_lair_graze_edge, nicolae_sub_lair_graze_edge],
          grunt_megastairs_3, infiniplex_staircase_pool_2
Lair:2:   layout_chaotic_city, nzn_ghost_randoct, pond, serial_bayou_shore_b,
          serial_bayou_shore_b
Lair:3:   regret_index_tunnel_blossom, layout_loops_ring,
          kennysheep_basilisk_garden
Lair:4:   layout_cave_pods, palyth_hydra_swamp_entry, lemuel_fruit_tree,
          grunt_megastairs_2

Skill      XL: |  1  2  3  4  5  6  7  8  9 10 11 12 13 |
---------------+----------------------------------------+-----
Dodging        | 2 3 4 5 6 7 8 |  8.5
Transmutations | 3 4 5 6 7 8 10 11 12 | 12.6
Poison Magic   | 1 2 |  2.0
Fighting       | 2 3 4 5 6 7 9 |  9.6
Unarmed Combat | 4 5 6 7 9 10 12 | 12.8
Ice Magic      | 1 3 4 5 |  5.0
Spellcasting   | 3 4 5 6 8 9 |  9.9

Action                   |  1- 3 |  4- 6 |  7- 9 | 10-12 | 13-15 || total
-------------------------+-------+-------+-------+-------+-------++-------
Melee: Unarmed           |   147 |   241 |   248 |   508 |   234 ||  1378
       Kick              |    18 |    23 |       |       |       ||    41
       Tailslap          |    18 |    11 |     5 |    15 |     1 ||    50
       Headbutt          |    12 |    19 |       |       |       ||    31
       Punch             |     3 |     3 |       |    10 |       ||    16
 Cast: Beastly Appendage |    27 |    23 |       |       |       ||    50
       Spider Form       |     1 |    18 |     9 |       |       ||    28
       Ice Form          |       |       |    26 |    59 |    14 ||    99
Invok: Sacrifice Arcana  |       |       |       |     1 |       ||     1
       Sacrifice Words   |       |       |       |     1 |       ||     1
       Sacrifice Drink   |       |       |       |     1 |       ||     1
       Draw Out Power    |       |       |       |       |     1 ||     1
       Sacrifice Artific |       |       |       |       |     1 ||     1
 Abil: Breathe Dispellin |       |       |     2 |    15 |       ||    17
       End Transformatio |       |       |       |     2 |       ||     2
Evoke: Wand              |       |       |       |    49 |       ||    49
  Use: Scroll            |     3 |     3 |     9 |     9 |     3 ||    27
       Potion            |       |       |       |     7 |       ||     7
 Stab: Sleeping          |     1 |       |       |       |       ||     1
       Paralysed         |       |       |       |     5 |       ||     5
       Distracted        |       |       |       |       |     2 ||     2
       Invisible         |       |       |       |       |     1 ||     1
Armor: Skin              |    59 |    49 |    51 |    80 |    37 ||   276
Dodge: Dodged            |   144 |   210 |   144 |   237 |   183 ||   918

Table legend: (Time is in decaauts)
 A = Elapsed time spent in this place.
 B = Non-inter-level travel time spent in this place.
 C = Inter-level travel time spent in this place.
 D = Time resting spent in this place.
 E = Time spent auto-exploring this place.
 F = Levels seen in this place.
 G = Mean time per level.
                   A        B        C        D        E       F      G
               +--------+--------+--------+--------+--------+-----+--------+
         Total |  21728 |  21051 |    677 |   3377 |  13958 |  17 | 1278.1 |
       Dungeon |  15940 |  15389 |    551 |   2979 |  10129 |  11 | 1449.1 |
        Temple |    564 |    532 |     32 |      0 |    514 |   1 |  564.0 |
          Lair |   4520 |   4426 |     94 |    336 |   3047 |   4 | 1130.0 |
         Sewer |    701 |    701 |      0 |     62 |    268 |   1 |  701.0 |
               +--------+--------+--------+--------+--------+-----+--------+

Top non-repeatable levels by time:
     D:5: 2463 daAuts
     D:8: 2198 daAuts
     D:7: 1749 daAuts
     D:1: 1620 daAuts
    D:10: 1574 daAuts
  Lair:1: 1485 daAuts
    D:11: 1417 daAuts
  Lair:3: 1177 daAuts
     D:6: 1123 daAuts
     D:4: 1054 daAuts
  Lair:2: 982 daAuts
     D:2: 944 daAuts
     D:9: 931 daAuts
  Lair:4: 875 daAuts
     D:3: 863 daAuts
